 Dungeon Crawl Stone Soup version 0.19.4-8-ga85b6b9 (webtiles) character file.

294 LORDOFBUTT the Vexing (level 6, 0/28 HPs)
             Began as a Spriggan Enchanter on Feb 11, 2017.
             Slain by a hobgoblin (2 damage)
             ... on level 3 of the Dungeon.
             The game lasted 00:04:39 (2900 turns).

LORDOFBUTT the Vexing (Spriggan Enchanter)          Turns: 2900, Time: 00:04:40

Health: 0/28       AC:  6    Str:  5    XL:     6   Next: 11%
Magic:  0/14       EV: 24    Int: 17    God:
Gold:   78         SH:  0    Dex: 22    Spells: 3 memorised, 9 levels left

rFire  . . .     SeeInvis +     a - +1 dagger
rCold  . . .     Gourm    .     b - +2 robe
rNeg   . . .     Faith    .     (shield restricted)
rPois  .         Spirit   .     (helmet restricted)
rElec  .         Reflect  .     i - +1 cloak (curse)
rCorr  .         Harm     .     (gloves unavailable)
MR     +....                    (boots unavailable)
Stlth  +++++.....               (no amulet)
                                (no ring)
                                (no ring)

@: agile, very slightly contaminated, very quick
A: unfitting armour, see invisible, herbivore 3, speed 3, slow metabolism 2
a: no special abilities


You were on level 3 of the Dungeon.
You were hungry.

You visited 1 branch of the dungeon, and saw 3 of its levels.

You collected 78 gold pieces.

Inventory:

Hand Weapons
 a - a +1 dagger (weapon)
Armour
 b - a +2 robe (worn)
 i - a cursed +1 cloak (worn)
Scrolls
 e - a scroll of magic mapping
 f - a scroll of fog
 j - a scroll of identify
Potions
 g - 3 potions of flight
 h - a potion of agility
Books
 c - a book of Maledictions

   Spells                             Type                      Level
   a - Corona                         Hexes                        1
   b - Ensorcelled Hibernation        Hexes/Ice                    2
   c - Confuse                        Hexes                        3
   d - Tukima's Dance                 Hexes                        3
   e - Dazzling Spray                 Conjuration/Hexes            3
Comestibles
 d - 3 bread rations


   Skills:
 * Level 1.4 Short Blades
 - Level 3.1 Dodging
 + Level 6.0 Stealth
 - Level 5.0 Spellcasting
 - Level 6.0 Hexes
 + Level 0.1 Ice Magic


You had 9 spell levels left.
You knew the following spells:

 Your Spells              Type           Power        Failure   Level  Hunger
a - Corona                Hex            ###....      1%          1    None
b - Ensorcelled Hibernat  Hex/Ice        ##....       10%         2    #......
c - Confuse               Hex            ###.....     4%          3    ###....


Dungeon Overview and Level Annotations

Branches:
Dungeon (3/15)

Altars:
Cheibriados


Innate Abilities, Weirdness & Mutations

You are very small and have problems with some larger weapons.
You are too small for most types of armour.
You have supernaturally acute eyesight. (SInv)
You are a herbivore.
You cover ground extremely quickly.
You need consume almost no food.


Message History

You hit the jackal but do no damage.
The jackal is moderately wounded.
The jackal misses you. The hobgoblin completely misses you.
You hit the jackal.
The jackal is almost dead.
The jackal bites you but does no damage.
The jackal closely misses you. The hobgoblin misses you.
You hit the jackal.
You kill the jackal!
The hobgoblin misses you.
Casting: Ensorcelled Hibernation
Confirm with . or Enter, or press ? or * to list all spells.
Aiming: Ensorcelled Hibernation
Press: ? - help, Shift-Dir - straight line, f/p - hobgoblin
Aim: a hobgoblin (moderately wounded, chance to defeat MR: 62%)
The hobgoblin resists with significant effort.
The jackal misses you. The hobgoblin completely misses you.
You hit the jackal but do no damage. The jackal barely misses you.
The jackal misses you. The hobgoblin hits you.
You die...

###...# #.....# ...
#.##..# #### #.##..#
..... #.##..# .....
#..>..# .......
#.##.## ######......#
#.##..# ..#@g......#
#.###.#
#.#h#.....?#.#.###.#
#.#.# ##..# ... #.#
#...# #.# #.#.##.#
##.######.##(.#....#
#.##.##.......#####..#
#...........#...#...##
###.......#####.#.###
##...#### #...#


You could see a jackal and a hobgoblin.

Vanquished Creatures
  Sigmund (D:3)
  A bullfrog zombie (D:3)
  Natasha (D:3)
  A gnoll (D:1)
  An adder (D:2)
  3 dart slugs
  2 leopard geckos (D:1)
  4 giant cockroaches
  13 hobgoblins
  9 jackals
  7 bats
  2 frilled lizards
  6 goblins
  5 kobolds
  A rat (D:1)
57 creatures vanquished.

Notes
Turn   | Place    | Note
-------+----------+-------------------------------------------
     0 | D:1      | LORDOFBUTT the Spriggan Enchanter began the quest for the Orb.
     0 | D:1      | Reached XP level 1. HP: 9/9 MP: 5/5
   273 | D:1      | Reached XP level 2. HP: 6/13 MP: 6/6
  1102 | D:1      | Learned a level 2 spell: Ensorcelled Hibernation
  1104 | D:1      | Reached XP level 3. HP: 9/16 MP: 5/8
  2030 | D:2      | Reached skill level 5 in Stealth
  2092 | D:2      | Found a snail-covered altar of Cheibriados.
  2309 | D:2      | Reached XP level 4. HP: 18/21 MP: 10/10
  2432 | D:2      | Reached skill level 5 in Hexes
  2639 | D:2      | Learned a level 1 spell: Corona
  2643 | D:2      | Learned a level 3 spell: Confuse
  2749 | D:3      | Noticed Natasha
  2753 | D:3      | Killed Natasha
  2769 | D:3      | Noticed Sigmund
  2776 | D:3      | Killed Sigmund
  2776 | D:3      | Reached skill level 5 in Spellcasting
  2776 | D:3      | Reached XP level 5. HP: 13/24 MP: 7/13
  2866 | D:3      | Reached XP level 6. HP: 14/28 MP: 8/14
  2888 | D:3      | HP: 1/28 [hobgoblin (4)]
  2900 | D:3      | Slain by a hobgoblin

Skill      XL: |  1  2  3  4  5 |
---------------+----------------+-----
Hexes          | 4 6 |  6.0
Spellcasting   | 3 5 |  5.0
Stealth        | 5 6 |  6.0
Short Blades   | |  1.4
Dodging        | |  3.1
Ice Magic      | |  0.1

Action                   |  1- 3 |  4- 6 || total
-------------------------+-------+-------++-------
Melee: Dagger            |   224 |   122 ||   346
 Cast: Ensorcelled Hiber |     3 |     6 ||     9
       Confuse           |       |     3 ||     3
  Use: Scroll            |     5 |     2 ||     7
       Potion            |       |     1 ||     1
 Stab: Sleeping          |    10 |     7 ||    17
       Confused          |       |     1 ||     1
Armor: Robe              |    32 |    20 ||    52
Dodge: Dodged            |   179 |   144 ||   323
